 Dungeon Crawl Stone Soup version 0.17-a0-1421-g95311d7 (webtiles) character file.

74 HEYYEYAAE the Gusty (level 4, -4/32 HPs)
             Began as a Human Air Elementalist on June 24, 2015.
             Slain by Robin
             ... wielding a +0 mace
              (13 damage)
             ... on level 3 of the Dungeon.
             The game lasted 00:03:51 (1912 turns).

HEYYEYAAE the Gusty (Human Air Elementalist)        Turns: 1912, Time: 00:03:52

Health: -4/32      AC:  2    Str:  6 (8)  XL:     4   Next: 52%
Magic:  4/16       EV: 12    Int: 16      God:
Gold:   72         SH:  0    Dex: 14      Spells: 3 memorised, 1 level left

rFire  . . .     SeeInvis .     m - +0 spear
rCold  . . .     Clarity  .     a - +0 robe
rNeg   . . .     SustAt   .     (no shield)
rPois  .         Gourm    .     (no helmet)
rElec  .         Spirit   .     (no cloak)
rCorr  .         Warding  .     (no gloves)
rMut   .         Stasis   .     (no boots)
MR     .....                    (no amulet)
Stlth  ++........               e - ring of wizardry
                                d - ring of magical power

@: very slightly contaminated, repel missiles, not resistant to hostile
enchantments, unstealthy
A: no striking features
a: no special abilities


You were on level 3 of the Dungeon.
You were very hungry.

You visited 1 branch of the dungeon, and saw 3 of its levels.

You collected 72 gold pieces.

Inventory:

Hand weapons
 j - a +0 short sword
 m - a +0 spear (weapon)
Armour
 a - a +0 robe (worn)
Jewellery
 d - a ring of magical power (left hand)
 e - a ring of wizardry (right hand)
 g - an uncursed ring of sustain attributes {unknown}
Scrolls
 f - 2 scrolls of random uselessness {unknown}
 k - a scroll of remove curse {unknown}
 o - a scroll of teleportation {unknown}
 r - a scroll of immolation {unknown}
Potions
 h - a potion of agility {unknown}
 i - a potion of might
 l - 2 potions of brilliance {unknown}
 p - a potion of curing
 t - 2 potions of degeneration
 u - a potion of magic {unknown}
Books
 b - a book of Air

   Spells                             Type                      Level
   a - Shock                          Conjuration/Air              1
   b - Swiftness                      Charms/Air                   2
   c - Repel Missiles                 Charms/Air                   2
   d - Static Discharge               Conjuration/Air              3
   e - Lightning Bolt                 Conjuration/Air              5
Comestibles
 c - 2 bread rations
 n - a slice of pizza
 q - a meat ration
 s - a chunk of flesh


   Skills:
 + Level 1.0 Fighting
 + Level 1.3 Armour
 + Level 2.2 Dodging
 - Level 2.0 Stealth
 + Level 2.4 Spellcasting
 * Level 1.9 Conjurations
 * Level 3.5 Air Magic


You had one spell level left.
You knew the following spells:

 Your Spells              Type           Power        Failure   Level  Hunger
a - Shock                 Conj/Air       ##..         4%          1    #......
b - Static Discharge      Conj/Air       ##......     9%          3    ###....
c - Repel Missiles        Chrm/Air       #.....       7%          2    ###....


Dungeon Overview and Level Annotations

Branches:
Dungeon (3/15)

Altars:
Okawaru

Annotations:
D:3 Robin


Message History

Casting: Shock
Confirm with . or Enter, or press ? or * to list all spells.
Aiming: Shock
Press: ? - help, Shift-Dir - straight line, f/p - Robin
Aim: Robin, wielding a mace, wearing an animal skin and wearing a helmet (heavily wounded, unusually strong)
The zap misses Robin.
The goblin shouts!
You are feeling very hungry.
Robin roars a battlecry!
The goblin goes into a battle-frenzy!
Robin hits you with a mace.
* * * LOW HITPOINT WARNING * * *
Drink which item? (? for menu, Esc to quit)
It was a potion of degeneration.
There was something very wrong with that liquid.
You feel weakened. Robin closely misses you.
Drink which item? (? for menu, Esc to quit)
It was a potion of curing.
You feel better. Robin hits you with a mace!
You die...

.g .### ..# #)#
#.# #g# .. #)# #.#
#g# #.# #@# #.#
#.# #.# #.# ##
###(# #.# .#
..#(#####.#.# .#
#.#.......#.# .#
#.#.#######.#
.#####.#.......#.#
..(......##.##.#.#


You could see Robin and a goblin (frenzied).

Vanquished Creatures
  2 adders (D:2)
  3 worms
  2 giant geckos
  3 orcs (D:3)
  4 bats
  A giant cockroach (D:1)
  7 hobgoblins
  3 jackals (D:2)
  A giant newt (D:2)
  8 goblins
  4 kobolds
  6 rats
44 creatures vanquished.

Notes
Turn   | Place    | Note
--------------------------------------------------------------
     0 | D:1      | HEYYEYAAE the Human Air Elementalist began the quest for the Orb.
     0 | D:1      | Reached XP level 1. HP: 13/13 MP: 3/3
   346 | D:1      | Reached XP level 2. HP: 19/19 MP: 5/5
   914 | D:2      | Reached XP level 3. HP: 22/25 MP: 6/6
   919 | D:2      | Learned a level 3 spell: Static Discharge
   922 | D:2      | Learned a level 2 spell: Repel Missiles
   955 | D:2      | Reached skill level 1 in Armour
  1268 | D:2      | Reached XP level 4. HP: 24/31 MP: 0/7
  1415 | D:2      | Found an iron altar of Okawaru.
  1723 | D:3      | Reached skill level 1 in Fighting
  1901 | D:3      | Noticed Robin
  1912 | D:3      | Slain by Robin

Vault maps used:
D:1:      lightli_arrival_isolated_outpost, serial_bayou_lagoon_a,
          kennysheep_another_room, corner_web_ring
D:2:      kennysheep_big_flooded_room, okawaru_metal_pillars_3
D:3:      uniq_robin

Action                   |  1- 3 |  4- 6 || total
-------------------------+-------+-------++-------
Melee: Unarmed           |     1 |       ||     1
       Spear             |     5 |     1 ||     6
 Cast: Shock             |    90 |    28 ||   118
       Repel Missiles    |     1 |       ||     1
  Use: Potion            |       |     2 ||     2
  Eat: Chunk             |     2 |     2 ||     4
